 Dungeon Crawl Stone Soup version 0.32-a0-898-g7811c86cf0 (webtiles) character file.

Game seed: 17439839934557438433

663338 Leafsnail2 the Phalangite (level 27, -3/224 HPs)
             Began as a Gnoll Wanderer on Apr 3, 2024.
             Was the Champion of Cheibriados.
             Killed from afar by an orb of fire (57 damage)
             ... with a bolt of fire
             ... on level 5 of the Realm of Zot on Apr 4, 2024.
             The game lasted 07:37:32 (96944 turns).

Leafsnail2 the Phalangite (Gnoll Wanderer)         Turns: 96944, Time: 07:37:33

Health: -3/224     AC: 33    Str: 19    XL:     27
Magic:  17/42      EV: 31    Int: 41    God:    Cheibriados [******]
Gold:   6279       SH:  0    Dex: 31    Spells: 3/65 levels left

rFire   . . .        c - +9 demon trident (vamp)
rCold   . . .        (no shield)
rNeg    . . .        b - quicksilver dragon scales
rPois   .            l - +2 helmet {SInv}
rElec   +            t - +2 cloak {Will+}
rCorr   +            P - +2 pair of gloves
SInv    +            u - +2 pair of boots {rF+}
Will    +++++        s - amulet of Gugra Diaxzu {rElec RegenMP+ Stlth+}
Stlth   +++++++++    H - ring of wizardry
HPRegen 0.00/turn    y - ring "Evvub" {rElec Will+ rCorr Dex+3}
MPRegen 0.68/turn

%: wizardry (x1)
@: calling dragons, inhibited regen, studying 3 skills, unable to drink, very
slow
A: fangs 1, strong nose, distributed training, talons 1, deterioration 1, dopey
1, low MP 1, shaggy fur 1, inhibited regeneration, weak 2, heat vulnerability 1,
inability to drink after injury 1, inability to read after injury 2
}: 4/15 runes: serpentine, barnacled, slimy, silver
a: Renounce Religion, Bend Time, Temporal Distortion, Slouch, Step From Time


You were on level 5 of the Realm of Zot.
You worshipped Cheibriados.
Cheibriados was exalted by your worship.
You visited 13 branches of the dungeon, and saw 57 of its levels.
You visited the Abyss 1 time.
You visited 1 bazaar.

You collected 10277 gold pieces.
You spent 3998 gold pieces at shops.

Inventory:

Hand Weapons
 c - a +9 vampiric demon trident (weapon)
Armour
 b - quicksilver dragon scales (worn)
 l - a +2 helmet of see invisible (worn)
 t - a +2 cloak of willpower (worn)
 u - a +2 pair of boots of fire resistance (worn)
 P - a +2 pair of gloves (worn)
Jewellery
 j - a ring of willpower
 o - a ring of protection from fire
 q - a ring of resist corrosion
 s - the amulet of Gugra Diaxzu (around neck) {rElec RegenMP+ Stlth+}
   (You found it on level 4 of the Realm of Zot)

   [amulet of magic regeneration]

   It increases your rate of magic regeneration.
   rElec:     It insulates you from electricity.
   Stlth+:    It makes you more stealthy.
   RegenMP+:  It increases your rate of magic regeneration.
 x - an amulet of regeneration
 y - the ring "Evvub" (right hand) {rElec Will+ rCorr Dex+3}
   (You found it on level 5 of the Pits of Slime)

   [ring of willpower]

   Dex+3:     It affects your dexterity (+3).
   rElec:     It insulates you from electricity.
   Will+:     It increases your willpower.
   rCorr:     It protects you from acid and corrosion.
 A - a ring of positive energy
 E - the amulet "Jirphu" {Acrobat rF+ rN+}
   (You found it on level 3 of the Depths)

   [amulet of the acrobat]

   Acrobat:   It increases your evasion while moving and waiting.
   rF+:       It protects you from fire.
   rN+:       It protects you from negative energy.
 F - the ring of Peace {Ice Str+4 Int+3}
   (You took it off Josephina on level 4 of the Depths)

   [ring of ice]

   Ice:       It enhances your ice magic.
   Str+4:     It affects your strength (+4).
   Int+3:     It affects your intelligence (+3).
   rF-:       It makes you vulnerable to fire.
   rC+:       It protects you from cold.
 H - a ring of wizardry (left hand)
 N - a +4 ring of protection
 R - a ring of flight
 W - the ring "Nihorr" {rPois rC+ Str+6 Int-3}
   (You found it on level 13 of the Dungeon)

   [ring of protection from cold]

   Str+6:     It affects your strength (+6).
   Int-3:     It affects your intelligence (-3).
   rC+:       It protects you from cold.
   rPois:     It protects you from poison.
Wands
 a - a wand of digging (36)
 p - a wand of mindburst (27)
 C - a wand of paralysis (111)
 I - a wand of flame (173)
 O - a wand of iceblast (95)
 Q - a wand of polymorph (23)
 X - a wand of light (31)
Scrolls
 e - a scroll of poison
 f - 12 scrolls of fog
 h - 10 scrolls of teleportation
 i - 8 scrolls of enchant weapon
 v - 4 scrolls of brand weapon
 z - 3 scrolls of blinking
 G - 7 scrolls of fear
 K - 3 scrolls of butterflies
 L - 48 scrolls of identify
 T - 6 scrolls of amnesia
 U - 8 scrolls of enchant armour
 Z - 5 scrolls of revelation
Potions
 d - 7 potions of ambrosia
 g - 5 potions of brilliance
 k - 5 potions of resistance
 m - 11 potions of curing
 r - 2 potions of invisibility
 w - a potion of heal wounds
 S - 7 potions of cancellation
 V - 5 potions of might
 Y - 7 potions of enlightenment
Miscellaneous
 n - a lightning rod (4/4)
 B - a phantom mirror
 D - a condenser vane
 J - a sack of spiders
 M - a Gell's gravitambourine (2/2)


   Skills:
 + Level 19.9 Fighting
 + Level 19.8 Short Blades
 + Level 19.8 Long Blades
 + Level 19.8 Axes
 + Level 19.8 Maces & Flails
 + Level 26.3 Polearms
 + Level 19.8 Staves
 + Level 19.8 Ranged Weapons
 + Level 21.2 Throwing
 + Level 20.2 Armour
 + Level 19.9 Dodging
 + Level 19.8 Stealth
 + Level 19.8 Shields
 + Level 19.8 Unarmed Combat
 + Level 19.9 Spellcasting
 + Level 16.9 Conjurations
 + Level 16.9 Hexes
 + Level 16.9 Summonings
 + Level 19.8 Necromancy
 + Level 16.9 Translocations
 + Level 17.5 Fire Magic
 + Level 16.9 Ice Magic
 + Level 16.9 Air Magic
 + Level 16.9 Earth Magic
 + Level 16.9 Alchemy
 + Level 21.3 Invocations
 + Level 19.8 Evocations
 + Level 18.3 Shapeshifting


You had 3 spell levels left.
You knew the following spells:

 Your Spells              Type           Power      Damage    Failure   Level
a - Apportation           Tloc           100%       N/A       0%          1
b - Dragon's Call         Summ           54%        N/A       32%         9
c - Blink                 Tloc           100%       N/A       0%          2
d - Summon Cactus Giant   Summ           54%        N/A       1%          6
e - Summon Small Mammal   Summ           100%       N/A       0%          1
g - Animate Armour        Summ/Erth      100%       N/A       0%          4
h - Airstrike             Air            54%        2d(8-24)  0%          4
i - Martyr's Knell        Necr/Summ      100%       N/A       0%          4
j - Monstrous Menagerie   Summ           54%        N/A       1%          7
k - Summon Horrible Thin  Summ           54%        N/A       2%          8
l - Haunt                 Necr/Summ      56%        N/A       1%          7
m - Death's Door          Necr           58%        N/A       10%         9

Your spell library contained the following spells:

 Spells                   Type           Power      Damage    Failure   Level
 Foxfire                  Conj/Fire      100%       2x1d9     0%          1
 Freeze                   Ice            100%       1d10      0%          1
 Kiss of Death            Conj/Necr      100%       2d13      0%          1
 Necrotise                Necr           100%       1d9       0%          1
 Sandblast                Erth           100%       2d20      0%          1
 Shock                    Conj/Air       100%       1d9       0%          1
 Sting                    Conj/Alch      100%       1d9       0%          1
 Cigotuvi's Dreadful Rot  Necr/Alch/Air  100%       N/A       0%          2
 Ensorcelled Hibernation  Hex/Ice        100%       N/A       0%          2
 Jinxbite                 Hex            100%       N/A       0%          2
 Lesser Beckoning         Tloc           100%       N/A       0%          2
 Mercury Vapours          Alch/Air       100%       N/A       0%          2
 Momentum Strike          Conj/Tloc      100%       3d10      0%          2
 Scorch                   Fire           100%       2d9       0%          2
 Static Discharge         Conj/Air       100%       3-8/arc   0%          2
 Sublimation of Blood     Necr           100%       N/A       0%          2
 Call Canine Familiar     Summ           100%       N/A       0%          3
 Frozen Ramparts          Ice            100%       1d16      0%          3
 Fugue of the Fallen      Necr           100%       N/A       0%          3
 Hailstorm                Conj/Ice       100%       3d16      0%          3
 Inner Flame              Hex/Fire       100%       N/A       0%          3
 Maxwell's Portable Pile  Tloc           100%       2d(15-43) 0%          3
 Mephitic Cloud           Conj/Alch/Air  100%       N/A       0%          3
 Ozocubu's Armour         Ice            100%       N/A       0%          3
 Passwall                 Erth           100%       N/A       0%          3
 Sigil of Binding         Hex            100%       N/A       0%          3
 Stone Arrow              Conj/Erth      100%       3d13      0%          3
 Summon Ice Beast         Ice/Summ       100%       N/A       0%          3
 Swiftness                Air            100%       N/A       0%          3
 Teleport Other           Tloc           100%       N/A       0%          3
 Tukima's Dance           Hex            100%       N/A       0%          3
 Vampiric Draining        Necr           100%       2d13      0%          3
 Anguish                  Hex/Necr       56%        N/A       0%          4
 Animate Dead             Necr           100%       N/A       0%          4
 Brom's Barrelling Bould  Conj/Erth      100%       2d11      0%          4
 Cause Fear               Hex            54%        N/A       0%          4
 Dimensional Bullseye     Hex/Tloc       54%        N/A       0%          4
 Dispel Undead            Necr           100%       3d31      0%          4
 Flame Wave               Conj/Fire      100%       2d21      0%          4
 Fulminant Prism          Conj/Alch      54%        3d22      0%          4
 Ignite Poison            Fire/Alch      100%       N/A       0%          4
 Iskenderun's Mystic Bla  Conj/Tloc      100%       2d19      (+2d10%     4
 Olgreb's Toxic Radiance  Alch           100%       N/A       0%          4
 Passage of Golubria      Tloc           100%       N/A       0%          4
 Petrify                  Alch/Erth      100%       N/A       0%          4
 Sticky Flame             Fire/Alch      100%       2d15      0%          4
 Summon Lightning Spire   Summ/Air       100%       N/A       0%          4
 Alistair's Intoxication  Alch           72%        N/A       0%          5
 Arcjolt                  Conj/Air       54%        1d64      0%          5
 Borgnjor's Vile Clutch   Necr/Erth      56%        N/A       0%          5
 Curse of Agony           Necr           100%       N/A       0%          5
 Freezing Cloud           Conj/Ice/Air   54%        6-21      0%          5
 Irradiate                Conj/Alch      54%        3d29      0%          5
 Lee's Rapid Deconstruct  Erth           54%        3d25*     0%          5
 Summon Forest            Summ/Tloc      54%        N/A       0%          5
 Summon Mana Viper        Hex/Summ       100%       N/A       0%          5
 Yara's Violent Unravell  Hex/Alch       54%        3d21      0%          5
 Death Channel            Necr           58%        N/A       1%          6
 Dispersal                Tloc           54%        N/A       1%          6
 Eringya's Noxious Bog    Alch           54%        4d6       1%          6
 Permafrost Eruption      Ice/Erth       54%        2x4d12    1%          6
 Plasma Beam              Fire/Air       55%        2x1d70    1%          6
 Sculpt Simulacrum        Ice/Alch       54%        N/A       1%          6
 Starburst                Conj/Fire      55%        6d15      1%          6
 Malign Gateway           Summ/Tloc      54%        N/A       1%          7
 Manifold Assault         Tloc           54%        N/A       1%          7
 Borgnjor's Revivificati  Necr           58%        N/A       1%          8
 Ignition                 Fire           55%        3d15      1%          8
 Discord                  Hex            54%        N/A       2%          8
 Lehudib's Crystal Spear  Conj/Erth      54%        10d13     2%          8


Dungeon Overview and Level Annotations

Branches:
Dungeon (15/15)            Temple (1/1) D:7            Lair (5/5) D:11
 Shoals (4/4) Lair:2        Snake (4/4) Lair:2        Slime (5/5) Lair:4
    Orc (2/2) D:10            Elf (3/3) Orc:2        Vaults (5/5) D:13
  Crypt (3/3) Vaults:2       Tomb (0/3) Crypt:3      Depths (4/4) D:15
   Hell (visited)             Zot (5/5) Depths:4
    Dis: Hell:1         Geh: Hell:1         Coc: Hell:1         Tar: Hell:1

Altars:
Ashenzari
Cheibriados
Dithmenos
Elyvilon
Fedhas
Gozag
Hepliaklqana
Kikubaaqudgha
Makhleb
Nemelex Xobeh
Okawaru
Qazlal
Ru
Sif Muna
Trog
Uskayaw
Vehumet
Wu Jian
Xom
Yredelemnul
Zin
The Shining One
Beogh
Jiyva

Shops:
D:5 [   D:6 :   D:8 :   D:14 (?(!*[   Orc:2 :*[?***(   Elf:1 ![   Elf:2 *
Elf:3 :   Shoals:2 **   Vaults:1 [   Zot:2 *   Depths:4 (*

Portals:
Hell: Depths:1 Depths:2 Depths:3 Depths:4
Abyss: Depths:1 Depths:3
Pandemonium: Depths:2 Depths:4
Ziggurat: Depths:4

Annotations:
Depths:1 exclusions: chaos spawn and obsidian statue
Hell Geryon
Zot:1 1 transporter
Zot:4 3 runed translucent doors, exclusion: obsidian statue, Jafujy's ghost, legendary MiAK


Innate Abilities, Weirdness & Mutations

You have very sharp teeth.
Your uncanny sense of smell can sniff out nearby items.
Your experience applies equally to all skills.
You have sharp toenails.
Your body sometimes deteriorates upon taking damage.
You are dopey. (Int -2)
Your magical capacity is low. (-10% MP)
You are covered in fur. (AC +1)
You do not regenerate when monsters are visible.
You are very weak. (Str -4)
You are vulnerable to heat. (rF-)
You occasionally lose the ability to drink potions when taking damage.
You sometimes lose the ability to read scrolls when taking damage.


Message History

The ghost moth moves out of view.
A Killer Klown comes into view. It is wielding a +11 club of flaming.
A dragon arrives to answer your call!
Your wraith disappears in a puff of smoke!
The Killer Klown strangle-hugs your fire dragon with a +11 club of flaming!
The orb of fire emits a lurid red light.
The fireball explodes!
The fireball engulfs you!!
* * * LOW HITPOINT WARNING * * *
You feel threatened and lose the ability to drink potions!
The Killer Klown says, "Come and play with me!"
The Killer Klown strangle-hugs your fire dragon with a +11 club of flaming!
Your shadow dragon bites the orb of fire!
Your shadow dragon misses the orb of fire.
Your shadow dragon claws the orb of fire but does no damage.
Your ice dragon bites the Killer Klown.
Your ice dragon claws the Killer Klown!
Your ice dragon tramples the Killer Klown!
The Killer Klown holds its ground!
Your fire dragon misses the Killer Klown.
Your fire dragon claws the Killer Klown.
Your fire dragon tramples the Killer Klown.
The Killer Klown stumbles backwards!
The orb of fire glows deep purple.
The fireball explodes!
The fireball engulfs your shadow dragon!!!!
Your shadow dragon dies!
Your shadow dragon's corpse disappears in a puff of smoke!
The fireball engulfs the orb of fire.
The orb of fire completely resists.
The fireball engulfs the orb of fire.
The orb of fire completely resists.
The Killer Klown honks.
The Killer Klown blinks!
The Killer Klown pounds something with a +11 club of flaming!!
The Killer Klown burns something.
There is a stone staircase leading up here.
A dragon arrives to answer your call!
The Killer Klown wrestles your ice dragon with a +11 club of flaming!
The Killer Klown burns your ice dragon.
The orb of fire glows bright magenta.
The bolt of fire hits you!!!
You die...
Cheibriados appreciates the motionlessness of death.

*,,,,,,,,,,,,,,,,,,,,*
*,,^,,,,,,,,,,,,,,,,,*
**,,,,,,,,,,,,,,,,,,**
**,,,,,,,,,,,,,,,,**
**,,,,,,,,,,,,,,**
*****#####*****#▓▓▓▓
###.D.## ##...#
##..*.D.#####...##
##@..*y.D.##...###.
#.....#..p.#....##.
#...####..<....###.
#...# ##..y..#####
##### #..§.######
####*###### ####
#.p*L#### ##..###
#..DD.###
#.....####.....#.


You could see 2 orbs of fire, a Killer Klown, a ghost moth (invisible), a
friendly iron dragon (summoned), a friendly fire dragon (summoned) and a
friendly ice dragon (summoned).

Vanquished Creatures
  Mara (Vaults:3)
  4 orbs of fire (Zot:5)
  An ancient lich (Crypt:3)
  Sojobo (Vaults:2)
  3 golden dragons
  Nikola (Shoals:3)
  5 tentacled monstrosities
  Rupert (D:15)
  5 liches
  4 quicksilver dragons
  A deep elf master archer (Elf:3)
  5 titans
  A deep elf blademaster (Elf:3)
  4 acid blobs (Slime:5)
  2 death cobs
  2 sphinxes
  3 ancient champions
  Agnes (D:14)
  4 tengu reavers
  Donald (Snake:2)
  5 shadow dragons
  5 storm dragons
  Aizul (Snake:2)
  3 revenants
  A draconian monk (Abyss:2)
  2 fire giants
  11 azure jellies
  2 draconian knights (Zot:2)
  10 rockslimes
  2 iron dragons
  4 frost giants
  A draconian shifter (Zot:4)
  A draconian scorcher (Zot:2)
  3 deep elf sorcerers
  9 vault wardens
  An orc warlord (Vaults:1)
  A deep elf elementalist (Elf:3)
  A draconian stormcaller (Zot:1)
  A ghoul (Crypt:2)
  8 ironbound preservers
  9 quicksilver oozes
  A reaper (Depths:1)
  2 draconian annihilators
  12 very ugly things
  9 formless jellyfish
  3 ironbound thunderhulks
  12 stone giants
  3 vampire knights
  3 black draconians
  4 red draconians
  A juggernaut skeleton (Crypt:2)
  6 green draconians
  A dire elephant (Lair:5)
  3 purple draconians
  2 white draconians (Zot:1)
  4 deep elf annihilators
  5 deep elf death magi
  A war gargoyle (Vaults:4)
  5 spark wasps (Depths:3)
  4 yellow draconians
  2 merfolk javelineers
  4 fire dragons
  4 ettins
  8 merfolk impalers
  An eidolon (Crypt:3)
  A mummy priest (Crypt:3)
  A jiangshi (Crypt:1)
  2 deep elf high priests (Elf:3)
  2 hydras
  7 rakshasas
  3 yaktaur captains
  3 great orbs of eyes
  17 vault guards
  A merfolk avatar (Shoals:3)
  4 anacondas
  6 ice dragons
  3 peacekeepers
  A sphinx zombie (Depths:2)
  A merfolk aquamancer (Shoals:4)
  2 two-headed ogres
  3 spriggan air magi
  6 spriggan skeletons
  7 centaur warriors
  3 ironbound frosthearts
  2 boulder beetles
  14 dancing weapons
  5 deep troll earth magi
  2 alligator snapping turtles
  An azure jelly zombie (Crypt:3)
  6 tengu warriors
  3 death knights
  A vampire mage (Depths:2)
  2 thrashing horrors (Abyss:2)
  A death yak (Lair:4)
  5 spriggan berserkers
  3 deep troll shamans
  4 naga warriors
  An occultist (Depths:1)
  6 hell knights
  An orc high priest (Orc:2)
  3 shock serpents
  2 soul eaters (Depths:1)
  A storm dragon zombie (Depths:2)
  2 naga sharpshooters
  45 nameless horrors
  3 sun demons
  7 deep elf knights
  4 iron trolls
  A spriggan (Depths:4)
  19 skeletal warriors
  2 salamander mystics
  2 wretched stars (Abyss:2)
  4 shadow wraiths
  A sixfirhy (Depths:1)
  A golden dragon zombie (Depths:2)
  2 skysharks
  5 sea snakes
  40 deep trolls
  3 naga ritualists
  3 arcanists
  5 ironbound convokers
  5 glowing orange brains
  4 flayed ghosts
  Pikel (D:4)
  5 large abominations
  2 deep elf archers
  9 mana vipers
  6 necromancers
  11 phantasmal warriors
  A golden dragon skeleton (Crypt:3)
  An obsidian bat (Abyss:2)
  5 thermic dynamos
  6 harpies
  9 deep elf zephyrmancers
  3 lindwurms
  15 orc knights
  3 orc sorcerers
  10 deep elf pyromancers
  5 anaconda skeletons
  An iron dragon zombie (Crypt:1)
  9 fauns (Shoals:1)
  A fire giant zombie (Depths:2)
  A wolf spider (D:15)
  19 ugly things
  7 manticores
  3 salamanders
  2 merfolk sirens
  A fire giant skeleton (Depths:2)
  21 black mambas
  An orc zombie (Crypt:1)
  2 water nymphs
  A guardian serpent (Snake:4)
  10 vault sentinels
  5 naga magi
  4 moths of wrath
  5 rust devils
  6 cane toads
  Jeremiah (D:8)
  A torpor snail (Lair:1)
  A torpor snail (shapeshifter) (Depths:3)
  2 centaur skeletons (Crypt:3)
  A white draconian zombie (Crypt:3)
  Maggie (D:8)
  An unseen horror zombie (Crypt:1)
  3 dire elephant skeletons
  An iron troll zombie (Crypt:2)
  An alligator snapping turtle skeleton (Crypt:3)
  A catoblepas zombie (Crypt:3)
  A komodo dragon (Lair:2)
  A rime drake (Lair:5)
  3 freezing wraiths (Crypt:1)
  4 guardian mummies (Crypt:3)
  2 tengu conjurers
  16 yaktaurs
  A harpy zombie (Crypt:1)
  A polar bear (Lair:3)
  A sea snake skeleton (Crypt:2)
  A hellwing (Abyss:2)
  A merfolk (shapeshifter) (Vaults:5)
  5 trolls
  6 harpy skeletons (Crypt:3)
  16 merfolk
  3 wind drakes
  A hornet (Depths:4)
  A moth of wrath zombie (Crypt:3)
  2 dream sheep (Shoals:1)
  5 saltlings (Orc:2)
  A sun moth zombie (Crypt:2)
  2 raiju (Abyss:2)
  A spectral elephant (Lair:5)
  7 blink frogs
  A fire giant simulacrum (Depths:2)
  4 snapping turtles
  A merfolk skeleton (Crypt:1)
  19 slime creatures
  A fire dragon skeleton (Crypt:1)
  A vampire (D:12)
  A shadow (D:10)
  24 yaks
  5 water elementals
  A hog (D:12)
  Eustachio (D:4)
  A redback (shapeshifter) (Vaults:5)
  4 wraiths
  A basilisk (D:15)
  A fire elemental (Elf:3)
  9 humans (D:13)
  2 ettin skeletons (Crypt:3)
  A warg (Orc:2)
  A golden eye (Slime:1)
  2 steam dragons
  A neqoxec (Abyss:2)
  6 vampire mosquitoes (D:13)
  A chaos spawn (Abyss:2)
  A spectral cane toad (Lair:5)
  19 nagas
  A swamp worm (shapeshifter) (Vaults:5)
  A fire bat zombie (Crypt:3)
  6 water moccasins
  A glowing shapeshifter zombie (Depths:2)
  2 hell hounds
  3 moth of wrath simulacra (Zot:1)
  17 orc warriors
  2 ice beasts
  3 sky beasts
  An elephant zombie (Lair:5)
  9 laughing skulls
  6 centaurs
  2 boggarts (Vaults:3)
  8 wolves
  6 ogres
  3 kobold brigands (D:8)
  10 bullfrogs
  3 elf zombies (Elf:1)
  A gnoll sergeant (D:8)
  An earth elemental (Elf:2)
  A scorpion (D:5)
  4 small abominations (Abyss:2)
  A yak zombie (Crypt:1)
  4 killer bees
  2 spriggan zombies
  7 howler monkeys
  2 bombardier beetles
  A hound (D:8)
  9 orc priests
  A gnoll bouda (D:8)
  A scrub nettle (Lair:4)
  Terence (D:3)
  A sleepcap (D:4)
  An iguana (D:7)
  4 orc wizards
  A naga zombie (Crypt:1)
  6 naga skeletons
  A mummy (Crypt:1)
  Robin (D:4)
  3 gnolls
  7 adders
  A white imp (D:6)
  6 ribbon worms
  3 dart slugs
  38 orcs
  4 bats
  7 endoplasms
  3 giant cockroaches
  17 goblins
  9 hobgoblins
  2 jackals (D:2)
  5 quokkas
  4 ball pythons
  A dart slug zombie (Crypt:3)
  5 frilled lizards
  2 gnoll skeletons (Crypt:3)
  A jackal skeleton (Crypt:3)
  8 kobolds
  A kobold skeleton (Crypt:1)
  An orc skeleton (Crypt:2)
  3 rats
  A spectral hobgoblin (D:6)
1188 creatures vanquished.

Vanquished Creatures (collateral kills)
  2 ancient liches
  2 orbs of fire
  Khufu (Crypt:1)
  A juggernaut (Slime:5)
  Xtahua (Depths:3)
  Josephina (Depths:4)
  A royal mummy (Crypt:1)
  A Killer Klown (Zot:4)
  Saint Roka (Vaults:1)
  Bai Suzhen (Elf:3)
  A curse toe (Zot:4)
  A profane servitor (Abyss:2)
  5 golden dragons
  Jory (Crypt:1)
  2 bone dragons (Crypt:3)
  An electric golem (Zot:1)
  A lich (Crypt:3)
  11 tentacled monstrosities
  6 Orb Guardians (Zot:5)
  A deep elf blademaster (Elf:3)
  2 titans
  2 sphinxes
  A deep elf master archer (Elf:3)
  25 acid blobs
  3 quicksilver dragons
  5 death cobs
  4 ancient champions
  Kirke (D:12)
  4 tengu reavers
  8 storm dragons
  3 nagarajas (Snake:4)
  A revenant (Crypt:3)
  18 azure jellies
  2 protean progenitors (Zot:4)
  21 rockslimes
  5 fire giants
  Roxanne (D:14)
  13 draconian monks
  7 shadow dragons
  6 draconian knights
  8 frost giants
  2 deep elf elementalists (Elf:3)
  13 vault wardens
  An iron dragon (Depths:2)
  6 draconian shifters
  4 draconian scorchers
  3 deep elf sorcerers
  A juggernaut zombie (Depths:2)
  Louise (Snake:4)
  3 ghouls
  6 orc warlords
  7 draconian stormcallers
  14 ironbound preservers
  2 reapers
  8 draconian annihilators
  A spriggan defender (Depths:3)
  7 formless jellyfish
  17 quicksilver oozes
  16 very ugly things
  7 stone giants
  A vampire knight (Vaults:2)
  5 ironbound thunderhulks
  A lorocyproca (Depths:1)
  9 green draconians
  6 deep elf death magi
  3 deep elf demonologists (Elf:3)
  A war gargoyle (Vaults:4)
  Nessos (D:14)
  8 black draconians
  7 white draconians
  3 dire elephants
  5 deep elf annihilators (Elf:3)
  8 yellow draconians
  11 red draconians
  3 demonspawn black suns (Zot:2)
  8 purple draconians
  A spark wasp (Depths:4)
  5 eidola
  An iron golem (Depths:2)
  3 jiangshi
  8 ettins
  5 deep elf high priests
  2 green deaths
  3 merfolk impalers
  A crystal guardian (Vaults:4)
  12 yaktaur captains
  4 fire dragons
  6 ice dragons
  17 vault guards
  3 great orbs of eyes
  A quicksilver dragon skeleton (Depths:2)
  A fenstrider witch zombie (Crypt:2)
  2 salamander tyrants
  2 ironbound frosthearts (Vaults:2)
  2 rakshasas (Depths:1)
  2 hydras
  An ogre mage (Vaults:5)
  An alligator snapping turtle (Shoals:2)
  4 merfolk aquamancers
  7 anacondas
  A death knight (Crypt:1)
  10 dancing weapons (Elf:2)
  9 centaur warriors
  5 deep troll shamans
  3 tengu warriors
  4 death yaks
  3 merfolk avatars
  2 hell hogs (Depths:1)
  4 boulder beetles
  2 satyrs
  3 two-headed ogres
  7 deep troll earth magi
  6 naga warriors
  A vampire mage (Crypt:2)
  4 spriggan berserkers
  4 occultists (Depths:1)
  A shock serpent (Snake:3)
  6 naga sharpshooters
  14 hell knights
  4 sun demons
  6 deep elf knights
  21 skeletal warriors
  7 iron trolls
  A soul eater (Depths:2)
  A spectral death yak (Lair:5)
  7 deep elf archers
  A skyshark (Shoals:2)
  30 deep trolls
  2 salamander mystics (Snake:4)
  10 arcanists
  A spectral anaconda (Lair:5)
  4 sea snakes
  A glowing orange brain (Depths:4)
  A golden dragon zombie (Depths:2)
  2 flayed ghosts
  9 mana vipers
  An obsidian statue (Lair:5)
  4 naga ritualists
  3 harpies
  13 orc knights
  A shadow dragon zombie (Depths:2)
  14 ironbound convokers
  3 lindwurms
  7 deep elf pyromancers
  2 phantasmal warriors
  2 golden dragon skeletons (Depths:2)
  A shock serpent (shapeshifter) (Vaults:4)
  A thermic dynamo (Elf:3)
  11 necromancers
  5 shining eyes
  27 ugly things
  9 deep elf zephyrmancers
  11 fauns
  4 cyclopes
  A will-o-the-wisp (Abyss:2)
  An orc sorcerer (Orc:1)
  11 manticores
  A salamander (shapeshifter) (Vaults:5)
  A dire elephant zombie (Lair:5)
  15 salamanders
  A kobold blastminer (Orc:1)
  7 merfolk sirens
  An iron dragon skeleton (Depths:2)
  A fire giant skeleton (Depths:2)
  11 elephants
  12 moths of wrath
  5 vault sentinels
  46 slime creatures
  3 water nymphs (Shoals:2)
  9 naga magi
  A water nymph (shapeshifter) (Vaults:5)
  2 gargoyles
  A torpor snail (Lair:4)
  5 guardian serpents
  13 black mambas
  3 rust devils
  2 eyes of devastation
  5 large abominations
  A centaur skeleton (Crypt:1)
  3 freezing wraiths
  2 rime drakes
  11 cane toads
  4 komodo dragons
  16 yaktaurs
  An ice devil (Depths:1)
  21 merfolk
  A troll (shapeshifter) (D:13)
  An ancient zyme (Abyss:2)
  A red devil (Depths:1)
  2 guardian mummies (Crypt:3)
  4 trolls
  2 polar bears
  5 wind drakes
  A wolf spider simulacrum (D:14)
  A raiju (shapeshifter) (Vaults:5)
  2 spectral elephants (Lair:5)
  4 hornets
  3 raiju (Abyss:2)
  4 blink frogs
  6 glass eyes
  3 dream sheep (Shoals:1)
  7 snapping turtles
  3 air elementals
  A small abomination (Abyss:2)
  10 water elementals
  A ynoxinul (Depths:4)
  2 wraiths
  4 spriggans
  4 wyverns
  2 vampires
  A hog (D:12)
  34 yaks
  A satyr skeleton (Crypt:2)
  6 wargs
  2 basilisks
  11 humans (D:13)
  9 golden eyes
  2 steam dragons
  A tarantella (shapeshifter) (Vaults:5)
  6 vampire mosquitoes
  A neqoxec (Abyss:2)
  A redback (shapeshifter) (Vaults:5)
  30 nagas
  2 acid dragons
  2 spectral cane toads (Lair:5)
  7 water moccasins
  A sky beast (D:6)
  7 hell hounds
  A moth of wrath simulacrum (Zot:1)
  A black bear (shapeshifter) (D:14)
  2 black bears
  22 orc warriors
  3 boggarts (Vaults:3)
  20 laughing skulls
  3 ogres
  9 wolves
  12 centaurs
  2 elephant skeletons
  A kobold brigand (D:8)
  3 bullfrogs
  An elf zombie (Elf:1)
  A gnoll sergeant (D:9)
  An elephant simulacrum (Lair:5)
  6 killer bees
  4 howler monkeys
  A jelly (D:4)
  11 orc priests
  Crazy Yiuf (D:4)
  3 hounds
  3 scrub nettles (Lair:4)
  A gnoll bouda (D:7)
  2 iguanas
  6 orc wizards
  9 nameless horrors
  A mummy (Crypt:1)
  11 gnolls
  An adder (D:5)
  A white imp (Abyss:2)
  A lava snake skeleton (Crypt:3)
  35 orcs
  A goblin (D:4)
  4 hobgoblins
  4 kobolds (D:8)
  A rat skeleton (Crypt:2)
  An aspiring flesh (Zot:4)
1396 creatures vanquished.

Vanquished Creatures (others)
  A draconian knight (Zot:1)
  An iron dragon (Depths:3)
  A deep elf elementalist (Elf:3)
  A vault warden (Vaults:5)
  A black draconian (Zot:1)
  A deep elf high priest (Vaults:5)
  4 deep elf knights
  A necromancer (Hell)
  A harpy (Shoals:3)
  Maurice (Orc:2)
  A draconian (D:1)
  2 octopodes (D:1)
  A vine stalker (D:1)
  2 djinn (D:1)
  A merfolk (D:1)
  2 humans
  2 nameless horrors
  A vampire (D:1)
  An orc simulacrum (Hell)
  A naga (D:1)
  A tengu (D:1)
  A barachi (D:1)
  2 gnolls
  A goblin (D:1)
  2 kobolds
  A creeping inferno (Depths:1)
  A fire vortex (Depths:1)
  10 foxfires (Abyss:2)
  2 starspawn tentacles (Abyss:2)
  4 tentacles (D:1)
52 creatures vanquished.

Grand Total: 2636 creatures vanquished

Notes
Turn   | Place    | Note
-------+----------+-------------------------------------------
     0 | D:1      | Leafsnail2 the Gnoll Wanderer began the quest for the Orb.
     0 | D:1      | Leafsnail2 set off with the following items: a +3 dagger, 2
                  | curare-tipped darts, a potion of lignification, a +0 robe;
                  | and the following spell memorised: Kiss of Death; and the
                  | following spells available to memorise: Vampiric Draining.
     0 | D:1      | Reached XP level 1. HP: 17/17 MP: 4/4
     2 | D:1      | Noticed an octopode
     2 | D:1      | Noticed a barachi
     2 | D:1      | Noticed an octopode
     2 | D:1      | Noticed a vine stalker
     2 | D:1      | Noticed a draconian
     2 | D:1      | Noticed a vampire
     2 | D:1      | Noticed a djinni
     2 | D:1      | Noticed a kraken
     2 | D:1      | Noticed a naga
     2 | D:1      | Noticed a tengu
     2 | D:1      | Noticed a merfolk
     2 | D:1      | Noticed a human
     2 | D:1      | Noticed a djinni
     3 | D:1      | Killed a tengu
     4 | D:1      | Killed a barachi
     4 | D:1      | Killed a djinni
     6 | D:1      | Killed an octopode
     6 | D:1      | Killed a draconian
     6 | D:1      | Killed a merfolk
     9 | D:1      | Killed an octopode
    11 | D:1      | Killed a vine stalker
    13 | D:1      | Killed a vampire
    13 | D:1      | Killed a naga
    16 | D:1      | Killed a djinni
    17 | D:1      | Killed a human
   128 | D:1      | Reached XP level 2. HP: 16/18 MP: 3/5
   596 | D:1      | Reached XP level 3. HP: 22/26 MP: 7/7
   974 | D:2      | Reached skill level 1 in Invocations
  1124 | D:2      | Reached skill level 1 in Short Blades
  1124 | D:2      | Reached skill level 1 in Long Blades
  1124 | D:2      | Reached skill level 1 in Axes
  1124 | D:2      | Reached skill level 1 in Maces & Flails
  1124 | D:2      | Reached skill level 1 in Polearms
  1124 | D:2      | Reached skill level 1 in Staves
  1124 | D:2      | Reached skill level 1 in Ranged Weapons
  1124 | D:2      | Reached skill level 1 in Stealth
  1124 | D:2      | Reached skill level 1 in Shields
  1124 | D:2      | Reached skill level 1 in Unarmed Combat
  1124 | D:2      | Reached skill level 1 in Evocations
  1235 | D:2      | Reached skill level 1 in Shapeshifting
  1235 | D:2      | Reached XP level 4. HP: 20/33 MP: 8/8
  1564 | D:2      | Reached skill level 1 in Conjurations
  1564 | D:2      | Reached skill level 1 in Hexes
  1564 | D:2      | Reached skill level 1 in Summonings
  1564 | D:2      | Reached skill level 1 in Translocations
  1564 | D:2      | Reached skill level 1 in Fire Magic
  1564 | D:2      | Reached skill level 1 in Ice Magic
  1564 | D:2      | Reached skill level 1 in Air Magic
  1564 | D:2      | Reached skill level 1 in Earth Magic
  1564 | D:2      | Reached skill level 1 in Alchemy
  1649 | D:2      | Learned a level 3 spell: Summon Ice Beast
  1850 | D:3      | Learned a level 3 spell: Vampiric Draining
  2250 | D:3      | Reached XP level 5. HP: 40/40 MP: 5/9
  2808 | D:3      | Identified the +2 robe of Juf Musu {^Contam rN++ Str+3}
  2952 | D:3      | Noticed Terence
  2962 | D:3      | Killed Terence
  2963 | D:3      | Reached XP level 6. HP: 47/47 MP: 7/11
  3149 | D:4      | Noticed Robin
  3385 | D:4      | Noticed Pikel
  3473 | D:4      | Noticed Eustachio
  3490 | D:4      | Killed Eustachio
  3491 | D:4      | Reached skill level 2 in Polearms
  3491 | D:4      | Reached skill level 5 in Armour
  3584 | D:4      | Found a burning altar of Makhleb.
  3699 | D:4      | Killed Robin
  3982 | D:4      | Killed Pikel
  3983 | D:4      | Reached skill level 3 in Polearms
  3983 | D:4      | Reached XP level 7. HP: 28/54 MP: 3/13
  3983 | D:4      | Reached XP level 8. HP: 31/60 MP: 3/14
  4305 | D:4      | Found a runed translucent door.
  4306 | D:4      | Noticed Crazy Yiuf
  4440 | D:4      | Killed Crazy Yiuf
  4532 | D:5      | Entered Level 5 of the Dungeon
  4591 | D:5      | Found Paiz's Antique Armour Shop.
  4656 | D:5      | Learned a level 3 spell: Stone Arrow
  4914 | D:5      | Found a transporter.
  4994 | D:5      | Found a snail-covered altar of Cheibriados.
  5014 | D:5      | Found a glowing golden altar of the Shining One.
  5024 | D:5      | Found a shadowy altar of Dithmenos.
  5028 | D:5      | Found an opulent altar of Gozag.
  5029 | D:5      | Found a shimmering blue altar of Sif Muna.
  5037 | D:5      | Became a worshipper of Cheibriados the Contemplative
  5165 | D:5      | Found a transporter.
  5635 | D:6      | Reached XP level 9. HP: 60/66 MP: 12/16
  5696 | D:6      | Found Aphon's Self-Published Books.
  5715 | D:6      | Reached skill level 4 in Polearms
  5947 | D:6      | Noticed a troll
  5958 | D:6      | Killed a troll
  5959 | D:6      | Reached skill level 5 in Spellcasting
  5964 | D:6      | Reached skill level 5 in Fighting
  5964 | D:6      | Reached skill level 5 in Dodging
  6207 | D:6      | Found a hazy altar of Hepliaklqana.
  6212 | D:6      | Reached * piety under Cheibriados
  6319 | D:6      | Found a blossoming altar of Fedhas.
  6394 | D:7      | Reached skill level 5 in Invocations
  6548 | D:7      | Learned a level 1 spell: Summon Small Mammal
  6860 | D:7      | Found a staircase to the Ecumenical Temple.
  7012 | D:7      | Reached skill level 5 in Short Blades
  7012 | D:7      | Reached skill level 5 in Long Blades
  7012 | D:7      | Reached skill level 5 in Axes
  7012 | D:7      | Reached skill level 5 in Maces & Flails
  7012 | D:7      | Reached skill level 5 in Polearms
  7012 | D:7      | Reached skill level 5 in Staves
  7012 | D:7      | Reached skill level 5 in Ranged Weapons
  7012 | D:7      | Reached skill level 5 in Stealth
  7012 | D:7      | Reached skill level 5 in Shields
  7012 | D:7      | Reached skill level 5 in Unarmed Combat
  7012 | D:7      | Reached skill level 5 in Evocations
  7012 | D:7      | Reached XP level 10. HP: 52/76 MP: 14/18
  7099 | D:7      | Reached ** piety under Cheibriados
  7343 | D:7      | Reached skill level 10 in Throwing
  7532 | Temple   | Entered the Ecumenical Temple
  7747 | D:8      | Learned a level 1 spell: Apportation
  7840 | D:8      | Found Robuov's Book Shop.
  7850 | D:8      | Noticed a two-headed ogre
  7869 | D:8      | Killed a two-headed ogre
  7870 | D:8      | Reached skill level 5 in Necromancy
  8095 | D:8      | Noticed Maggie
  8111 | D:8      | Killed Maggie
  8112 | D:8      | Reached skill level 5 in Shapeshifting
  8184 | D:8      | Reached *** piety under Cheibriados
  8425 | D:8      | Learned a level 5 spell: Summon Mana Viper
  8430 | D:8      | Learned a level 4 spell: Animate Armour
  8603 | D:8      | Noticed Jeremiah
  8628 | D:8      | Killed Jeremiah
  8815 | D:9      | Reached skill level 6 in Polearms
  9017 | D:9      | Found a basalt altar of Yredelemnul.
  9147 | D:9      | Reached **** piety under Cheibriados
  9149 | D:9      | Reached skill level 5 in Conjurations
  9149 | D:9      | Reached skill level 5 in Hexes
  9149 | D:9      | Reached skill level 5 in Summonings
  9149 | D:9      | Reached skill level 5 in Translocations
  9149 | D:9      | Reached skill level 5 in Fire Magic
  9149 | D:9      | Reached skill level 5 in Ice Magic
  9149 | D:9      | Reached skill level 5 in Air Magic
  9149 | D:9      | Reached skill level 5 in Earth Magic
  9149 | D:9      | Reached skill level 5 in Alchemy
  9151 | D:9      | Reached XP level 11. HP: 44/83 MP: 6/21
  9752 | D:10     | Entered Level 10 of the Dungeon
  9922 | D:8      | Bought a book of Storms for 286 gold pieces
 10061 | D:10     | Found a staircase to the Orcish Mines.
 10191 | D:10     | Learned a level 4 spell: Airstrike
 10942 | D:11     | Noticed a two-headed ogre
 10946 | D:11     | Killed a two-headed ogre
 10947 | D:11     | Reached skill level 7 in Polearms
 11041 | D:11     | Found a staircase to the Lair.
 11114 | D:11     | Noticed a boulder beetle
 11131 | D:11     | Killed a boulder beetle
 11274 | D:11     | Reached ***** piety under Cheibriados
 11422 | D:11     | You fall into a shaft and drop 2 floors!
 11440 | D:13     | Noticed a brown ugly thing
 11448 | D:13     | Killed a brown ugly thing
 11517 | D:13     | Noticed a tengu warrior
 11574 | D:14     | Noticed a centaur warrior
 11639 | D:13     | Killed a tengu warrior
 11716 | D:13     | Noticed a centaur warrior
 11727 | D:13     | Killed a centaur warrior
 11728 | D:13     | Reached skill level 8 in Polearms
 11920 | D:13     | Noticed a centaur warrior
 11958 | D:13     | Reached XP level 12. HP: 91/91 MP: 12/23
 12613 | Lair:1   | Entered Level 1 of the Lair of Beasts
 13454 | Lair:1   | Reached skill level 9 in Polearms
 13478 | Lair:1   | Reached ****** piety under Cheibriados
 13518 | Lair:1   | Learned a level 6 spell: Summon Cactus Giant
 14155 | Lair:2   | Found a burning altar of Makhleb.
 14285 | Lair:2   | Found a staircase to the Shoals.
 14494 | Lair:2   | Noticed a four-headed hydra
 14497 | Lair:2   | Noticed a nameless horror
 14508 | Lair:2   | Killed a four-headed hydra
 14719 | Lair:2   | Noticed a boulder beetle
 14734 | Lair:2   | Killed a boulder beetle
 14907 | Lair:2   | Reached XP level 13. HP: 99/99 MP: 14/25
 14994 | Lair:2   | Found a staircase to the Snake Pit.
 15032 | Lair:2   | Reached skill level 10 in Polearms
 16382 | Lair:3   | Identified the +6 plate armour "Fotuwnox" {+Blink rC+}
 17400 | Lair:4   | Reached skill level 10 in Armour
 17408 | Lair:4   | Reached skill level 11 in Polearms
 17552 | Lair:4   | Found a staircase to the Slime Pits.
 18071 | Lair:5   | Entered Level 5 of the Lair of Beasts
 18375 | Lair:5   | Reached XP level 14. HP: 108/108 MP: 11/27
 18379 | Lair:5   | Reached skill level 10 in Invocations
 18391 | Lair:5   | Learned a level 4 spell: Martyr's Knell
 18669 | Lair:5   | Noticed a dire elephant
 18671 | Lair:5   | Noticed a dire elephant
 19333 | Lair:5   | Noticed a dire elephant
 19349 | Lair:5   | Killed a dire elephant
 20074 | Lair:5   | Reached skill level 12 in Polearms
 20074 | Lair:5   | Reached skill level 10 in Spellcasting
 20188 | Lair:5   | Reached skill level 10 in Fighting
 20188 | Lair:5   | Reached skill level 10 in Dodging
 20363 | Lair:5   | Killed a dire elephant
 20368 | Lair:5   | Killed a dire elephant
 21166 | D:12     | Found a broken altar of Ashenzari.
 21587 | D:12     | Noticed Kirke
 21599 | D:12     | Killed Kirke
 21679 | D:12     | Identified the +1 leather armour of the Heavens {^Drain
                  | rElec Dex+4 SInv}
 21841 | D:12     | Identified the +3 ring mail of the Ikuchi {^Drain rN+
                  | Int+3}
 22092 | D:13     | Identified the ring "Nihorr" {rPois rC+ Str+6 Int-3}
 22280 | D:13     | Reached skill level 10 in Short Blades
 22280 | D:13     | Reached skill level 10 in Long Blades
 22280 | D:13     | Reached skill level 10 in Axes
 22280 | D:13     | Reached skill level 10 in Maces & Flails
 22280 | D:13     | Reached skill level 10 in Staves
 22280 | D:13     | Reached skill level 10 in Ranged Weapons
 22280 | D:13     | Reached skill level 10 in Stealth
 22280 | D:13     | Reached skill level 10 in Shields
 22280 | D:13     | Reached skill level 10 in Unarmed Combat
 22280 | D:13     | Reached skill level 10 in Evocations
 22338 | D:13     | Found the +7 great mace "Undeadhunter" {deathbane, rN+}
 22417 | D:13     | Reached XP level 15. HP: 117/117 MP: 12/29
 22560 | D:13     | Found a gate to the Vaults.
 22803 | D:14     | Found Ujug's Distillery.
 22804 | D:14     | Found Roil's Assorted Antiques.
 22830 | D:14     | Reached skill level 13 in Polearms
 23060 | D:14     | Found Uwefag's Antique Weapon Boutique.
 23061 | D:14     | Found Gorukk's Magic Scroll Shop.
 23062 | D:14     | Found Xeoq Xuch's Armour Emporium.
 23062 | D:14     | Found Wasidov's Antique Weapon Boutique.
 23066 | D:14     | Bought a potion of magic for 136 gold pieces
 23136 | D:14     | Noticed Roxanne
 23274 | D:14     | Killed Roxanne
 23433 | D:14     | Noticed Agnes
 23446 | D:14     | Killed Agnes
 23964 | D:14     | Noticed Nessos
 24050 | D:14     | Killed Nessos
 24150 | D:15     | Entered Level 15 of the Dungeon
 24382 | D:15     | Found a staircase to the Depths.
 24784 | D:15     | Noticed Rupert
 24798 | D:15     | Killed Rupert
 25230 | Snake:1  | Entered Level 1 of the Snake Pit
 26209 | Snake:1  | Reached skill level 10 in Shapeshifting
 26823 | Snake:2  | Identified the serpent talisman "Nothrey" {rC- Str+2 SInv}
 26823 | Snake:2  | Noticed Aizul
 26835 | Snake:2  | Killed Aizul
 26836 | Snake:2  | Reached skill level 14 in Polearms
 26948 | Snake:2  | Reached XP level 16. HP: 125/125 MP: 31/31
 27353 | Snake:2  | Noticed Donald
 27362 | Snake:2  | Killed Donald
 30053 | Snake:3  | Reached skill level 10 in Necromancy
 30970 | Orc:1    | Entered Level 1 of the Orcish Mines
 31136 | Orc:1    | Reached skill level 15 in Polearms
 31648 | Orc:1    | Found the +10 dark maul {heavy}
 31774 | Orc:1    | Learned a level 7 spell: Monstrous Menagerie
 31960 | Orc:2    | Entered Level 2 of the Orcish Mines
 32013 | Orc:2    | Found Unoat's Assorted Antiques.
 32022 | Orc:2    | Bought a glowing amethyst potion for 29 gold pieces
 32089 | Orc:2    | Found Ykinwen's General Store.
 32244 | Orc:2    | Reached XP level 17. HP: 125/133 MP: 12/33
 32617 | Orc:2    | Found a staircase to the Elven Halls.
 32638 | Orc:2    | Found Tafim's Book Shoppe.
 32681 | Orc:2    | Noticed Maurice
 32687 | Orc:2    | Killed Maurice
 32877 | Orc:2    | Reached skill level 10 in Conjurations
 32877 | Orc:2    | Reached skill level 10 in Hexes
 32877 | Orc:2    | Reached skill level 10 in Summonings
 32877 | Orc:2    | Reached skill level 10 in Translocations
 32877 | Orc:2    | Reached skill level 10 in Fire Magic
 32877 | Orc:2    | Reached skill level 10 in Ice Magic
 32877 | Orc:2    | Reached skill level 10 in Air Magic
 32877 | Orc:2    | Reached skill level 10 in Earth Magic
 32877 | Orc:2    | Reached skill level 10 in Alchemy
 33015 | Orc:2    | Found Keumak's Antique Armour Emporium.
 33174 | Orc:2    | Paralysed by an orc sorcerer for 3 turns
 33340 | Orc:2    | Found Plog's Magic Scroll Emporium.
 33346 | Orc:2    | Bought a scroll of acquirement for 780 gold pieces
 33346 | Orc:2    | Acquired 468 gold pieces
 33360 | Orc:2    | Found Usunakie's General Store.
 33361 | Orc:2    | Found a roughly hewn altar of Beogh.
 33362 | Orc:2    | Found Lecimpou's General Store.
 33367 | Orc:2    | Bought a ring of wizardry for 330 gold pieces
 33485 | Orc:2    | Found Jam Woec's Weapon Boutique.
 33795 | Snake:4  | Entered Level 4 of the Snake Pit
 35037 | Snake:4  | Noticed Louise
 35051 | Snake:4  | Killed Louise
 35848 | Snake:4  | Reached skill level 16 in Polearms
 37628 | Snake:4  | Reached XP level 18. HP: 74/142 MP: 14/34
 37743 | Snake:4  | Got a serpentine rune of Zot
 38050 | Shoals:1 | Entered Level 1 of the Shoals
 38230 | Shoals:1 | Reached skill level 15 in Throwing
 38730 | Shoals:1 | Identified the +0 chain mail of the Sky {rF- rC+ rCorr}
 40024 | Shoals:2 | Found Viefuxal's Specific Store.
 40024 | Shoals:2 | Found Gyrarukk's General Store.
 41273 | Shoals:3 | Reached skill level 17 in Polearms
 41832 | Shoals:3 | Noticed Nikola
 41843 | Shoals:3 | Killed Nikola
 42097 | Shoals:4 | Entered Level 4 of the Shoals
 43235 | Shoals:4 | Reached XP level 19. HP: 67/150 MP: 13/36
 44656 | Shoals:4 | Got a barnacled rune of Zot
 45050 | Elf:1    | Entered Level 1 of the Elven Halls
 45183 | Elf:1    | Found a radiant altar of Vehumet.
 45548 | Elf:1    | Got the Enchiridion on Corpses
 45844 | Elf:1    | Found Wympoas's Antique Armour Shoppe.
 46003 | Elf:1    | Bought a glowing helmet for 217 gold pieces
 46548 | Elf:1    | Found Zoomuin's Distillery.
 47029 | Elf:2    | Found a runed translucent gate.
 47030 | Elf:2    | Found a runed translucent gate.
 47030 | Elf:2    | Found a runed translucent gate.
 47161 | Elf:2    | Found Abum's General Store.
 47169 | Elf:2    | Reached skill level 18 in Polearms
 47782 | Elf:2    | Reached skill level 15 in Invocations
 48203 | Elf:3    | Entered Level 3 of the Elven Halls
 48285 | Elf:3    | Learned a level 8 spell: Summon Horrible Things
 48579 | Elf:3    | Found a radiant altar of Vehumet.
 48834 | Elf:2    | Reached XP level 20. HP: 123/159 MP: 25/38
 49001 | Elf:3    | Noticed Bai Suzhen
 49018 | Elf:3    | Killed Bai Suzhen
 49029 | Elf:3    | Identified the +2 spear of Resumed Hostilities {elec,
                  | rPois}
 49167 | Elf:3    | Found Utraot's Self-Improvement Boutique.
 49208 | Elf:3    | Bought a manual of Polearms for 1360 gold pieces
 49474 | D:6      | Bought the Papyrus of Hitting the Bricks for 448 gold
                  | pieces
 49653 | Vaults:1 | Entered Level 1 of the Vaults
 49747 | Vaults:1 | Noticed Saint Roka
 50418 | Vaults:1 | Found Wuorifig's Armour Shoppe.
 50947 | Vaults:1 | Learned a level 2 spell: Blink
 51327 | Vaults:1 | Killed Saint Roka
 51683 | Vaults:1 | Reached XP level 21. HP: 166/166 MP: 39/39
 51686 | Vaults:1 | Acquired a +1 cloak of willpower
 51898 | Vaults:2 | Reached skill level 15 in Armour
 52010 | Vaults:2 | Reached skill level 19 in Polearms
 52366 | Vaults:2 | Noticed Sojobo
 52381 | Vaults:2 | Killed Sojobo
 52579 | Vaults:2 | Paralysed by a vampire knight for 4 turns
 52972 | Vaults:2 | Found a staircase to the Crypt.
 53341 | Vaults:2 | Reached skill level 15 in Spellcasting
 53415 | Vaults:2 | Reached XP level 22. HP: 158/174 MP: 23/41
 53422 | Vaults:2 | Reached skill level 15 in Fighting
 53422 | Vaults:2 | Reached skill level 15 in Dodging
 54536 | Crypt:1  | Entered Level 1 of the Crypt
 54694 | Vaults:3 | Found a flickering gateway to a bazaar.
 54707 | Bazaar   | Entered a bazaar
 54707 | Bazaar   | Found Ceraus's Armour Boutique.
 54718 | Bazaar   | Found Sisooh's General Store.
 54720 | Bazaar   | Found Nagg's Jewellery Emporium.
 54729 | Bazaar   | Found Jaocs's Book Shoppe.
 54768 | Bazaar   | Found Nedutol's Weapon Boutique.
 55157 | Vaults:3 | Noticed Mara
 55163 | Vaults:3 | Noticed Leafsnail2's illusion
 55233 | Vaults:3 | Noticed Leafsnail2's illusion
 55236 | Vaults:3 | Killed Mara
 55237 | Vaults:3 | Reached skill level 15 in Short Blades
 55237 | Vaults:3 | Reached skill level 15 in Long Blades
 55237 | Vaults:3 | Reached skill level 15 in Axes
 55237 | Vaults:3 | Reached skill level 15 in Maces & Flails
 55237 | Vaults:3 | Reached skill level 15 in Staves
 55237 | Vaults:3 | Reached skill level 15 in Ranged Weapons
 55237 | Vaults:3 | Reached skill level 15 in Stealth
 55237 | Vaults:3 | Reached skill level 15 in Shields
 55237 | Vaults:3 | Reached skill level 15 in Unarmed Combat
 55237 | Vaults:3 | Reached skill level 15 in Evocations
 55981 | Vaults:3 | Reached skill level 20 in Polearms
 56079 | Vaults:3 | Identified the scarf of Misanthropy {harm, rElec Str+4
                  | Dex+3}
 57223 | Vaults:4 | Paralysed by a formless jellyfish for 1 turns
 58177 | Vaults:4 | Reached XP level 23. HP: 183/183 MP: 30/42
 58861 | Elf:3    | Identified the +5 morningstar "Wonaed" {drain, Str+5}
 58999 | Elf:3    | Identified the +3 whip of Jesaxo Berph {speed, +Blink rCorr
                  | Dex+2}
 59191 | Elf:3    | Identified the +7 falchion of the Skies Above {elec, Int+5
                  | Dex+4}
 59269 | Elf:3    | Identified the +7 dagger of Dutidolidgh {freeze, Fly rElec
                  | Str+3 Int-3}
 59286 | Elf:3    | Learned a level 7 spell: Haunt
 59289 | Elf:3    | Identified the amulet "Fochaulou" {Spirit Str+3}
 59298 | Elf:3    | Identified the staff of Kibeim {rN+ rCorr Dex+6 Necro}
 59487 | Elf:3    | Identified the ring "Beeburuga" {^Contam *Corrode rElec
                  | rPois rN+ SInv}
 59592 | Elf:3    | Got the Compilation of the Engineer
 59594 | Elf:3    | Got Plog's Guidebook on Distance
 59823 | Elf:3    | Got the Book of Dead Ensorcelling
 60703 | Crypt:1  | Noticed Jory
 60718 | Crypt:1  | Killed Jory
 61413 | Crypt:1  | Noticed a royal mummy
 61417 | Crypt:1  | Noticed Khufu
 61446 | Crypt:1  | Killed Khufu
 61461 | Crypt:1  | Killed a royal mummy
 61462 | Crypt:1  | Reached skill level 21 in Polearms
 62893 | Crypt:3  | Entered Level 3 of the Crypt
 63871 | Crypt:3  | Found an ancient bone altar of Kikubaaqudgha.
 64013 | Crypt:3  | Reached XP level 24. HP: 173/182 MP: 43/43
 64234 | Crypt:3  | Noticed an ancient lich
 64259 | Crypt:3  | Killed an ancient lich
 64260 | Crypt:3  | Reached skill level 15 in Shapeshifting
 65257 | Crypt:3  | Found a staircase to the Tomb.
 65523 | Depths:1 | Entered Level 1 of the Depths
 66451 | Depths:1 | Found a one-way gate to the infinite horrors of the Abyss.
 66766 | Depths:1 | Found a gateway to Hell.
 67050 | Depths:2 | Reached skill level 22 in Polearms
 67053 | Depths:2 | Reached skill level 15 in Necromancy
 67165 | Abyss:2  | Cast into level 2 of the Abyss (spriggan berserker)
 67929 | Depths:1 | Escaped the Abyss
 69002 | Depths:2 | Reached XP level 25. HP: 201/201 MP: 38/44
 69606 | Depths:2 | Found a one-way gate leading to the halls of Pandemonium.
 71169 | Depths:3 | Identified the amulet "Jirphu" {Acrobat rF+ rN+}
 71177 | Depths:3 | Identified the +2 lajatang of Houwk {flame, rF- rN+ Int+3
                  | Dex+2}
 71247 | Depths:3 | Noticed Xtahua
 71258 | Depths:3 | Killed Xtahua
 71270 | Depths:3 | Reached skill level 23 in Polearms
 71575 | Depths:4 | Entered Level 4 of the Depths
 72623 | Depths:4 | Found Ykhakon's Antique Weapon Boutique.
 72954 | Depths:4 | Found a one-way gateway to a ziggurat.
 73448 | Depths:4 | Found Xaupintu's Fire Supplies.
 73463 | Depths:4 | Bought a +1 pair of boots of fire resistance for 412 gold
                  | pieces
 73698 | Depths:4 | Reached XP level 26. HP: 59/210 MP: 30/44
 73993 | Depths:4 | Found a gate to the Realm of Zot.
 74302 | Vaults:5 | Entered Level 5 of the Vaults
 74317 | Vaults:4 | Reached skill level 15 in Conjurations
 74317 | Vaults:4 | Reached skill level 15 in Hexes
 74317 | Vaults:4 | Reached skill level 15 in Summonings
 74317 | Vaults:4 | Reached skill level 15 in Translocations
 74317 | Vaults:4 | Reached skill level 15 in Fire Magic
 74317 | Vaults:4 | Reached skill level 15 in Ice Magic
 74317 | Vaults:4 | Reached skill level 15 in Air Magic
 74317 | Vaults:4 | Reached skill level 15 in Earth Magic
 74317 | Vaults:4 | Reached skill level 15 in Alchemy
 74495 | Vaults:5 | Noticed an ancient lich
 74987 | Vaults:5 | Identified the +1 chain mail "Rosu" {Regen+ Dex+5}
 75044 | Vaults:5 | Identified the staff "Cidurr" {rPois rC+ rN++ rCorr Dex-4
                  | Alchemy}
 75058 | Vaults:5 | Identified the staff of Aptappak {*Corrode rN+ Will+ Dex+3
                  | Conj Necro}
 75092 | Vaults:5 | Killed an ancient lich
 75720 | Vaults:5 | Reached skill level 24 in Polearms
 76290 | Vaults:5 | Identified the +1 robe of Muifott {-Cast rC+++ Regen+
                  | Dex-2}
 76591 | Vaults:5 | Got a silver rune of Zot
 76699 | Vaults:5 | Upgraded the game from 0.32-a0-893-gf85d74f360 to
                  | 0.32-a0-898-g7811c86cf0
 76709 | Vaults:5 | Learned a level 9 spell: Death's Door
 76916 | Slime:1  | Entered Level 1 of the Pits of Slime
 76960 | Slime:1  | Reached XP level 27. HP: 197/219 MP: 15/45
 77121 | Slime:3  | Gained mutation: Armour fits poorly on your strangely
                  | shaped body. [a shining eye]
 77127 | Slime:3  | Paralysed by a formless jellyfish for 1 turns
 77158 | Slime:3  | Paralysed by a formless jellyfish for 1 turns
 77385 | Slime:5  | Entered Level 5 of the Pits of Slime
 77512 | Slime:5  | Paralysed by a formless jellyfish for 1 turns
 77518 | Slime:5  | Paralysed by a formless jellyfish for 1 turns
 77894 | Slime:5  | Noticed the Royal Jelly
 78398 | Slime:5  | Found a viscous altar of Jiyva.
 79254 | Slime:5  | HP: 4/219 [acid (10)]
 79676 | Slime:5  | the Royal Jelly changed into a juggernaut shaped Royal
                  | Jelly
 79676 | Slime:5  | Noticed a juggernaut shaped Royal Jelly
 80236 | Slime:5  | Killed a juggernaut shaped Royal Jelly
 80638 | Slime:5  | Identified the ring "Evvub" {rElec Will+ rCorr Dex+3}
 80649 | Slime:5  | Got Eggugef's Atlas of Friendly Resurrection
 80721 | Slime:5  | Identified the +1 quarterstaff of Luem {flame, rF+++ MP+9
                  | Str+2}
 80739 | Slime:5  | Got a slimy rune of Zot
 80742 | Slime:5  | Identified the +1 chain mail of Zin's Fury {rF- Int+6
                  | Dex+5}
 80974 | Lair:2   | Lost mutation: Armour fits poorly on your strangely shaped
                  | body. [potion of mutation]
 80974 | Lair:2   | Gained mutation: You are frail. (-10% HP) [potion of
                  | mutation]
 80974 | Lair:2   | Gained mutation: You expend magic power (3 MP) to
                  | strengthen your wands. [potion of mutation]
 80974 | Lair:2   | Gained mutation: You have hidden genetic defects. [potion
                  | of mutation]
 80974 | Lair:2   | Gained mutation: You are agile. (Dex +4, Str/Int -1)
                  | [potion of mutation]
 81282 | D:7      | Lost mutation: You are agile. (Dex +4, Str/Int -1) [potion
                  | of mutation]
 81282 | D:7      | Lost mutation: You have hidden genetic defects. [potion of
                  | mutation]
 81282 | D:7      | Gained mutation: You have a pair of small antennae on your
                  | head. [potion of mutation]
 81282 | D:7      | Gained mutation: Your spells are a little easier to cast,
                  | but a little less powerful. [potion of mutation]
 81282 | D:7      | Gained mutation: Your system is resistant to poisons.
                  | (rPois) [potion of mutation]
 81282 | D:7      | Gained mutation: You are somewhat resistant to further
                  | mutation. [potion of mutation]
 81283 | D:7      | Lost mutation: You have a pair of small antennae on your
                  | head. [potion of mutation]
 81283 | D:7      | Lost mutation: You are somewhat resistant to further
                  | mutation. [potion of mutation]
 81283 | D:7      | Lost mutation: Your system is resistant to poisons. (rPois)
                  | [potion of mutation]
 81283 | D:7      | Gained mutation: You have large cloven feet. [potion of
                  | mutation]
 81283 | D:7      | Gained mutation: You are covered in fur. (AC +1) [potion of
                  | mutation]
 81283 | D:7      | Gained mutation: You occasionally lose the ability to read
                  | scrolls when taking damage. [potion of mutation]
 81553 | Crypt:2  | Lost mutation: You expend magic power (3 MP) to strengthen
                  | your wands. [potion of mutation]
 81553 | Crypt:2  | Lost mutation: Your spells are a little easier to cast, but
                  | a little less powerful. [potion of mutation]
 81553 | Crypt:2  | Gained mutation: You occasionally lose the ability to drink
                  | potions when taking damage. [potion of mutation]
 81554 | Crypt:2  | Lost mutation: You are frail. (-10% HP) [potion of
                  | mutation]
 81554 | Crypt:2  | Lost mutation: You have large cloven feet. [potion of
                  | mutation]
 81554 | Crypt:2  | Lost mutation: You occasionally lose the ability to drink
                  | potions when taking damage. [potion of mutation]
 81554 | Crypt:2  | Gained mutation: You have sharp toenails. [potion of
                  | mutation]
 81554 | Crypt:2  | Gained mutation: You are dopey. (Int -2) [potion of
                  | mutation]
 81554 | Crypt:2  | Gained mutation: You sometimes lose the ability to read
                  | scrolls when taking damage. [potion of mutation]
 81872 | Hell     | Entered the Vestibule of Hell
 81872 | Hell     | Noticed Geryon
 85062 | Depths:2 | Learned a level 9 spell: Dragon's Call
 85159 | Zot:1    | Entered Level 1 of the Realm of Zot
 85159 | Zot:1    | Noticed a dread lich
 85229 | Zot:1    | Found a radiant altar of Vehumet.
 85343 | Zot:1    | Found a transporter.
 85343 | Zot:1    | Noticed an orb of fire
 85355 | Zot:1    | Noticed an orb of fire
 85368 | Zot:1    | Identified the ring of Peace {Ice Str+4 Int+3}
 85368 | Zot:1    | Noticed Josephina
 86376 | Depths:4 | Gained mutation: You do not regenerate when monsters are
                  | visible. [an orb of fire]
 86378 | Depths:4 | Killed an orb of fire
 86556 | Zot:1    | Identified the +4 short sword of Indignation {protect, rC+
                  | rN+ MP+9}
 86576 | Depths:4 | Killed Josephina
 87805 | Depths:4 | Reached skill level 25 in Polearms
 89537 | Zot:2    | Noticed an orb of fire
 89557 | Zot:2    | Killed an orb of fire
 90416 | Zot:2    | Found Inestrov's CLEARANCE SALE!.
 90523 | Zot:2    | Identified the +7 dagger "Foka" {drain, rPois rF++ Int+5}
 90586 | Zot:2    | Identified the +1 ring mail of the Thinker {^Contam Rampage
                  | Int+2}
 92095 | Zot:3    | Found a blossoming altar of Fedhas.
 93311 | Zot:4    | Found a runed translucent gate.
 93311 | Zot:4    | Found a runed translucent gate.
 93368 | Zot:4    | Found a runed translucent gate.
 93522 | Zot:4    | Found an opulent altar of Gozag.
 94081 | Zot:4    | Gained mutation: Your magical capacity is low. (-10% MP)
                  | [mutagenic glow]
 94094 | Zot:4    | Gained mutation: You occasionally lose the ability to drink
                  | potions when taking damage. [mutagenic glow]
 94764 | Zot:4    | Identified the amulet of Gugra Diaxzu {rElec RegenMP+
                  | Stlth+}
 94846 | Zot:4    | Identified the +7 spear "Zumemimu" {holy, rElec rC+++ Dex-4
                  | Stlth-}
 95121 | Zot:4    | Reached skill level 26 in Polearms
 95461 | Zot:4    | Noticed Jafujy's ghost (legendary MiAK)
 95792 | Zot:5    | Entered Level 5 of the Realm of Zot
 96356 | Zot:5    | Noticed an orb of fire
 96357 | Zot:5    | Noticed an orb of fire
 96363 | Zot:5    | Noticed an orb of fire
 96366 | Zot:5    | Noticed an orb of fire
 96367 | Zot:5    | Noticed an orb of fire
 96368 | Zot:5    | Noticed a dread lich
 96369 | Zot:5    | Noticed an orb of fire
 96370 | Zot:5    | Noticed an orb of fire
 96370 | Zot:5    | Gained mutation: You are weak. (Str -2) [an orb of fire]
 96370 | Zot:5    | Noticed an orb of fire
 96370 | Zot:5    | Noticed an ancient lich
 96541 | Zot:5    | Gained mutation: You are very weak. (Str -4) [an orb of
                  | fire]
 96546 | Zot:5    | Killed an orb of fire
 96557 | Zot:5    | Killed an orb of fire
 96928 | Zot:5    | Gained mutation: Your body sometimes deteriorates upon
                  | taking damage. [an orb of fire]
 96932 | Zot:5    | Killed an orb of fire
 96939 | Zot:5    | Killed an orb of fire
 96941 | Zot:5    | Killed an ancient lich
 96942 | Zot:5    | Gained mutation: You are vulnerable to heat. (rF-) [an orb
                  | of fire]
 96944 | Zot:5    | Killed from afar by an orb of fire

Illustrated notes

Levels and vault maps discovered:
D:1:      nicolae_arrival_kraken_aquarium_b, layout_loops_ring, serial_forest,
          infiniplex_forest_lined_3_way, infiniplex_forest_zigzag_1,
          infiniplex_forest_pool, infiniplex_forest_end_2,
          infiniplex_forest_clump_C, dk_noncrumbling_3, chequers_mini_garden
D:2:      layout_basic
D:3:      minmay_skewed_foursquare, layout_basic, serial_glass, glass_columns_a,
          glass_columns_a, glass_columns_a, glass_columns_b, glass_columns_b,
          glass_columns_a, uniq_terence
D:4:      layout_loops_cross, bloody_makhleb, minmay_misc_feat_room,
          nicolae_houndstooth_variations, uniq_robin, uniq_crazy_yiuf_cottage,
          uniq_eustachio, uniq_pikel
D:5:      gammafunk_wand_slinger, layout_basic, grunt_temple_overflow_open,
          grunt_decor_resistance, nicolae_stop_n_shop_1
D:6:      layout_cave_pools, nicolae_hepliaklqana_monster_ancestors,
          lemuel_coloured_pillars_altar,
          serial_library_hellmonk_double_dead_end, nicolae_custom_books
D:7:      layout_cave_pods, minmay_temple_entry_waves
D:8:      kennysheep_housing_project, layout_basic, serial_shops,
          nicolae_take_the_stairs, uniq_jeremiah, uniq_maggie
D:9:      layout_loops_ring, mainiacjoe_overflow_catwalk
D:10:     layout_stronghold, orc_0_dummy, nicolae_elevator_lobby_asterisk
D:11:     layout_roguey [special_room_orc], david_lair_generic,
          corexii_hall_statues_deadend
D:12:     wander_river, layout_basic, nicolae_ashenzari_panopticon, uniq_kirke
D:13:     layout_basic, grunt_vaults_entry_tiered
D:14:     layout_rooms, nicolae_wooded_promenade, uniq_agnes, uniq_roxanne,
          uniq_nessos
D:15:     hangedman_depths_entry_civil_slaughter, layout_basic, uniq_rupert
Temple:   cyrus_circular_temple
Lair:1:   layout_layer_cave
Lair:2:   layout_hall_layers, minmay_shoals_entry_centaurs,
          minmay_snake_entry_guardpost_medium, basic_altar, nzn_sisyphean_effort
Lair:3:   layout_gridlike, lemuel_fruit_tree
Lair:4:   layout_misc_corridors, slime_entry_1, evilmike_ambush
          [evilmike_ambush_outer_basic, evilmike_ambush_inner_pond],
          serial_bayou_shore_b, grunt_megastairs_4
Lair:5:   due_jungle_book, layout_small_grid
Shoals:1: layout_shoals, nicolae_shoals_shepherds
Shoals:2: argonaut_golden_fleece, layout_shoals, nicolae_specific_store
Shoals:3: layout_shoals, uniq_nikola
Shoals:4: shoals_end_grunt_ice, layout_shoals, nicolae_tricolors
Snake:1:  layout_gridlike
Snake:2:  layout_honeycomb, portal_ice_cave_entry_ugly_swarm, uniq_donald,
          uniq_aizul
Snake:3:  layout_layer_cave, nicolae_triple_integral, grunt_megastairs_3
Snake:4:  snake_pit_salamanders_mu, layout_cave_town, grunt_megastairs_2,
          uniq_louise
Slime:1:  layout_caves
Slime:2:  layout_caves
Slime:3:  layout_caves
Slime:4:  layout_caves
Slime:5:  slime_pit_nicolae_jellycorners
Orc:1:    layout_caves, minmay_orc_treasury
Orc:2:    hellmonk_orc_salted, layout_diamond_mine, serial_shops, shop, shop,
          nicolae_shop_getting_attention, nicolae_shop_pleasant_corner_grove,
          uniq_maurice
Elf:1:    eino_elf_arrival_altar, layout_loops_cross, serial_shops, shop, shop,
          minmay_elf_necromancy, lemuel_flamethrower_2
Elf:2:    elven_hall_of_blades_hangedman_original [nicolae_blade_tridents],
          layout_gridlike, serial_shops, shop
Elf:3:    grunt_elf_hall_diamonds, layout_loops_corners, basic_altar,
          nicolae_shop_self_help, uniq_bai_suzhen
Vaults:1: grunt_vaults_hallway_long, v_misc_9, v_misc_11, vaults_room_door_ring,
          nicolae_vaults_surprise_closet, nicolae_vaults_two_Ls,
          nicolae_vaults_tetromino_Z_2, layout_vaults_omnigrid, serial_shops,
          nicolae_shop_real_fake_doors, uniq_saint_roka
Vaults:2: hangedman_vaults_stream, vaults_room_pools,
          minmay_crypt_entry_simple_corners, vaults_room_boxed,
          hangedman_vaults_pinch, nicolae_vaults_specimen_jars, v_misc_16,
          nicolae_vaults_tangram_1, vaults_mumra_chevron_long,
          ontoclasm_vaults_misaligned, nicolae_vaults_storage_closets_2,
          nicolae_vaults_closet_pinwheel_4, v_misc_15,
          nicolae_vaults_angled_halls, ontoclasm_vaults_decontamination,
          nicolae_vaults_trapezoid_1, layout_vaults_omnibox, uniq_sojobo
Vaults:3: nicolae_vaults_big_angled_halls, dpeg_vaults_hating_casters,
          nicolae_vaults_weapon_check, nicolae_vaults_shrinking_rooms_2,
          nicolae_vaults_tetromino_L_2, ontoclasm_vaults_fault,
          nicolae_vaults_trapezoid_4, nicolae_vaults_cornered_office,
          vaults_dpeg_ring, nicolae_vaults_little_ls,
          nicolae_vaults_variable_pillar_hall, nicolae_vaults_tetromino_L_2,
          nicolae_vaults_storage_closets_3, nicolae_vaults_sealed_display,
          ontoclasm_vaults_ring_small, layout_vaults_ring, serial_shops,
          freezing_bzr, uniq_mara
Vaults:4: nicolae_vaults_stepped_doors, v_pattern_3,
          nicolae_vaults_hexular_roomagon, nicolae_vaults_tetromino_Z_2,
          nicolae_vaults_cornered_office, nicolae_vaults_wrenched,
          nicolae_vaults_storage_room_water, ontoclasm_vaults_claustrophobia,
          nicolae_vaults_ring_of_whatevers, nicolae_vaults_border_crossing,
          vaults_mumra_lcd, nicolae_vaults_little_squares_2,
          nicolae_vaults_trapezoid_lopsided_1, hangedman_vaults_slice,
          layout_vaults_maze_snakey
Vaults:5
Crypt:1:  layout_misc_corridors, grunt_crypt_arrival_webbed, uniq_khufu,
          uniq_jory
Crypt:2:  layout_misc_corridors, grunt_megastairs_1
Crypt:3:  church_of_pain_bobbens, layout_chaotic_city, tomb_entry_shell_bobbens
Depths:1: layout_basic, hangedman_glass_teeth,
          regret_index_abyss_entry_earlier_magic, grunt_hell_entry_dis_old,
          hangedman_devilish_allure
Depths:2: wad_arrow_thing, layout_cave_shapes, mu_enter_wizlab_6, hell_entry,
          chequers_decorated_corner, grunt_pan_entry_zigzag
Depths:3: minmay_the_grid_triangle_9x9_recursive_2
          [minmay_the_grid_triangle_9x9_prize_schism,
          minmay_the_grid_triangle_9x9_steps,
          minmay_the_grid_triangle_9x9_alien,
          minmay_the_grid_triangle_9x9_corrupted_corridor],
          layout_twisted_cross, hell_entry,
          regret_index_abyss_entry_already_here, chequers_serial_rivers_micro_b,
          minmay_staircase_windowed_small, uniq_xtahua
Depths:4: grunt_zot_entry_hairpin, layout_cave_pools, enter_ziggurat_f,
          rand_demon_pan_entry_9, serial_shops, nicolae_shop_tiny_waterfront,
          nicolae_concentric_dashed_squares_wild, hell_entry,
          nicolae_shop_fire_sale [nicolae_sub_dead_trees]
Hell
Zot:1:    gammafunk_sealed_library, layout_gridville,
          hangedman_zot_decor_tridents, uniq_josephina
Zot:2:    dreamdust_black_sun_cult, layout_cathedral_of_symmetry,
          skrybe_zot_glass_1, nicolae_shop_clearance
Zot:3:    layout_onion_interference, regret_index_zotdec_decaying_basic
Zot:4:    layout_cellular_growth, ebering_ghost_gozag, grunt_ministairs_11,
          st_large_dragon_hoard_4
Zot:5:    layout_twisted_circle

Skill      XL: |  1  2  3  4  5  6  7  8  9 10 11 12 13 14 15 16 17 18 19 20 21 22 23 24 25 26 27 |
---------------+----------------------------------------------------------------------------------+-----
Necromancy     | 2 3 4 5 6 7 8 9 10 11 12 13 14 15 16 17 19 | 19.8
Invocations    | 1 2 3 4 5 6 7 8 9 10 11 12 13 14 15 16 17 18 19 21 | 21.3
Short Blades   | 1 3 5 6 7 8 9 10 11 12 13 14 15 16 17 18 19 | 19.8
Long Blades    | 1 3 5 6 7 8 9 10 11 12 13 14 15 16 17 18 19 | 19.8
Axes           | 1 3 5 6 7 8 9 10 11 12 13 14 15 16 17 18 19 | 19.8
Maces & Flails | 1 3 5 6 7 8 9 10 11 12 13 14 15 16 17 18 19 | 19.8
Polearms       | 1 3 5 6 8 9 11 12 14 15 16 17 18 19 20 21 22 23 24 26 | 26.3
Staves         | 1 3 5 6 7 8 9 10 11 12 13 14 15 16 17 18 19 | 19.8
Ranged Weapons | 1 3 5 6 7 8 9 10 11 12 13 14 15 16 17 18 19 | 19.8
Stealth        | 1 3 5 6 7 8 9 10 11 12 13 14 15 16 17 18 19 | 19.8
Shields        | 1 3 5 6 7 8 9 10 11 12 13 14 15 16 17 18 19 | 19.8
Unarmed Combat | 1 3 5 6 7 8 9 10 11 12 13 14 15 16 17 18 19 | 19.8
Evocations     | 1 3 5 6 7 8 9 10 11 12 13 14 15 16 17 18 19 | 19.8
Shapeshifting  | 1 2 3 4 5 6 7 8 9 10 11 12 13 14 15 16 18 | 18.3
Spellcasting   | 3 4 5 6 7 8 9 10 11 12 13 14 15 16 17 18 19 | 19.9
Conjurations   | 1 2 3 4 5 6 7 8 9 10 11 12 13 14 15 16 | 16.9
Hexes          | 1 2 3 4 5 6 7 8 9 10 11 12 13 14 15 16 | 16.9
Summonings     | 1 2 3 4 5 6 7 8 9 10 11 12 13 14 15 16 | 16.9
Translocations | 1 2 3 4 5 6 7 8 9 10 11 12 13 14 15 16 | 16.9
Fire Magic     | 1 2 3 4 5 6 7 8 9 10 11 12 13 14 15 17 | 17.5
Ice Magic      | 1 2 3 4 5 6 7 8 9 10 11 12 13 14 15 16 | 16.9
Air Magic      | 1 2 3 4 5 6 7 8 9 10 11 12 13 14 15 16 | 16.9
Earth Magic    | 1 2 3 4 5 6 7 8 9 10 11 12 13 14 15 16 | 16.9
Alchemy        | 1 2 3 4 5 6 7 8 9 10 11 12 13 14 15 16 | 16.9
Fighting       | 3 4 5 6 7 8 9 10 11 12 13 14 15 16 17 18 19 | 19.9
Dodging        | 3 4 5 6 7 8 9 10 11 12 13 14 15 16 17 18 19 | 19.9
Armour         | 5 6 7 8 9 10 11 12 13 14 15 16 17 18 20 | 20.2
Throwing       | 9 10 11 12 13 14 15 16 17 18 19 21 | 21.2

Action                     |  1- 3 |  4- 6 |  7- 9 | 10-12 | 13-15 | 16-18 | 19-21 | 22-24 | 25-27 || total
---------------------------+-------+-------+-------+-------+-------+-------+-------+-------+-------++-------
  Melee: Dagger            |    95 |   163 |       |       |       |       |       |       |       ||   258
         Bite              |     7 |    24 |    37 |    61 |   106 |    85 |    88 |   268 |   390 ||  1066
         Whip              |       |    15 |   163 |   225 |       |       |       |       |       ||   403
         Trident           |       |       |       |   211 |   816 |   744 |       |       |       ||  1771
         Demon trident     |       |       |       |       |       |   175 |   657 |  1749 |  2067 ||  4648
         Unarmed           |       |       |       |       |       |       |       |     2 |       ||     2
   Cast: Kiss of Death     |     3 |       |       |       |       |       |       |       |       ||     3
         Summon Ice Beast  |       |     9 |    24 |    47 |    40 |       |       |       |       ||   120
         Vampiric Draining |       |     5 |     8 |     7 |       |       |       |       |       ||    20
         Stone Arrow       |       |       |     7 |     6 |       |       |       |       |       ||    13
         Summon Small Mamm |       |       |     6 |     6 |       |       |       |       |       ||    12
         Animate Armour    |       |       |       |    34 |    37 |    33 |       |     1 |     2 ||   107
         Summon Mana Viper |       |       |       |    31 |    53 |    14 |       |       |       ||    98
         Airstrike         |       |       |       |    12 |    10 |     8 |       |       |     3 ||    33
         Summon Cactus Gia |       |       |       |     3 |    74 |   132 |    34 |     4 |       ||   247
         Martyr's Knell    |       |       |       |       |    37 |    95 |    47 |    73 |    96 ||   348
         Monstrous Menager |       |       |       |       |       |   123 |   139 |    71 |    61 ||   394
         Summon Horrible T |       |       |       |       |       |       |    10 |    64 |   167 ||   241
         Haunt             |       |       |       |       |       |       |       |    67 |   405 ||   472
         Blink             |       |       |       |       |       |       |       |     3 |    26 ||    29
         Apportation       |       |       |       |       |       |       |       |     1 |     5 ||     6
         Dragon's Call     |       |       |       |       |       |       |       |       |     6 ||     6
 Invoke: Bend Time         |       |       |     2 |       |       |     2 |     1 |       |       ||     5
         Slouch            |       |       |       |       |     1 |       |       |       |     3 ||     4
         Step From Time    |       |       |       |       |       |     1 |     2 |     1 |    12 ||    16
  Evoke: Gell's gravitambo |       |       |       |       |       |       |     2 |       |     3 ||     5
         Sack of spiders   |       |       |       |       |       |       |     1 |       |     1 ||     2
         Wand              |       |       |       |       |       |       |       |       |     8 ||     8
    Use: Scroll            |     5 |     2 |     8 |    14 |     7 |     8 |     9 |     3 |    27 ||    83
         Potion            |       |     1 |     1 |       |     4 |       |     3 |     2 |    37 ||    48
   Stab: Sleeping          |     2 |     3 |     5 |     6 |    12 |     4 |     7 |    33 |    10 ||    82
         Distracted        |       |     1 |     2 |    10 |    15 |    37 |    27 |    75 |    85 ||   252
         Invisible         |       |       |       |       |     4 |       |       |       |       ||     4
         Confused          |       |       |       |       |       |     1 |     1 |       |       ||     2
         Paralysed         |       |       |       |       |       |       |     2 |     6 |     2 ||    10
 Armour: Robe              |    10 |       |       |       |       |       |       |       |       ||    10
         Leather armour    |    35 |   108 |   109 |       |       |       |       |       |       ||   252
         Skin              |       |     3 |       |       |       |       |       |       |       ||     3
         Steam dragon scal |       |       |     7 |   191 |   251 |       |       |       |       ||   449
         Swamp dragon scal |       |       |       |       |    64 |   495 |   284 |   545 |    79 ||  1467
         Quicksilver drago |       |       |       |       |       |       |       |       |  1181 ||  1181
  Dodge: Dodged            |    44 |   100 |   130 |   368 |   840 |   971 |   549 |  1164 |  2291 ||  6457

Table legend: (Time is in decaauts)
 A = Elapsed time spent in this place.
 B = Non-inter-level travel time spent in this place.
 C = Inter-level travel time spent in this place.
 D = Time resting spent in this place.
 E = Time spent auto-exploring this place.
 F = Levels seen in this place.
 G = Mean time per level.
                   A        B        C        D        E       F      G
               +--------+--------+--------+--------+--------+-----+--------+
         Total | 134545 | 118939 |  15606 |  34628 |  54690 |  59 | 2280.4 |
       Dungeon |  24794 |  20802 |   3992 |   4325 |  11777 |  15 | 1652.9 |
        Temple |      1 |      1 |      0 |      0 |      0 |   1 |    1.0 |
          Lair |  12816 |  11187 |   1629 |   3028 |   6387 |   5 | 2563.2 |
        Shoals |   9153 |   8629 |    524 |   3041 |   4007 |   4 | 2288.2 |
     Snake Pit |  14464 |  12742 |   1722 |   3556 |   7134 |   4 | 3616.0 |
    Slime Pits |   5096 |   4783 |    313 |   2045 |    339 |   5 | 1019.2 |
  Orcish Mines |   4137 |   3402 |    735 |    960 |   1685 |   2 | 2068.5 |
   Elven Halls |   8668 |   7528 |   1140 |   1844 |   3546 |   3 | 2889.3 |
        Vaults |  16513 |  14441 |   2072 |   3491 |   7479 |   5 | 3302.6 |
         Crypt |   7426 |   6689 |    737 |   1436 |   3746 |   3 | 2475.3 |
        Depths |  16790 |  15221 |   1569 |   7057 |   5394 |   4 | 4197.5 |
          Hell |    106 |    106 |      0 |      0 |      0 |   1 |  106.0 |
           Zot |  13429 |  12260 |   1169 |   3566 |   3074 |   5 | 2685.8 |
         Abyss |    942 |    942 |      0 |    277 |      0 |   1 |  942.0 |
        Bazaar |    204 |    204 |      0 |      0 |    119 |   1 |  204.0 |
               +--------+--------+--------+--------+--------+-----+--------+

Top non-repeatable levels by time:
 Snake:4: 5125 daAuts
Depths:4: 4965 daAuts
Depths:1: 4740 daAuts
   Zot:4: 4314 daAuts
Depths:2: 3916 daAuts
Vaults:1: 3872 daAuts
   Zot:2: 3695 daAuts
  Lair:5: 3679 daAuts
 Snake:3: 3562 daAuts
Vaults:2: 3528 daAuts
Shoals:4: 3465 daAuts
 Slime:5: 3401 daAuts
Vaults:3: 3351 daAuts
   Elf:3: 3220 daAuts
Depths:3: 3169 daAuts
